 Dungeon Crawl Stone Soup version 0.25-a0-566-g062765be81 (webtiles) character file.

Game seed: 8823710722546205676, levelgen mode: deterministic

1176 Flugslaktarn the Chopper (level 8, 0/73 HPs)
             Began as a Deep Dwarf Fighter on Feb 28, 2020.
             Slain by an unseen horror (3 damage)
             ... on level 5 of the Dungeon.
             The game lasted 00:02:00 (1945 turns).

Flugslaktarn the Chopper (Deep Dwarf Fighter)       Turns: 1945, Time: 00:02:01

Health: 0/73       AC:  7    Str: 23    XL:     8   Next: 18%
Magic:  0/0        EV:  8    Int:  8    God:
Gold:   222        SH: 10    Dex: 12    Spells: 7/7 levels left

rFire    . . .     SeeInvis .   a - +0 war axe
rCold    . . .     Gourm    .   c - +0 kite shield
rNeg     . . .     Faith    .   b - +0 scale mail
rPois    .         Spirit   .   (no helmet)
rElec    .         Reflect  .   (no cloak)
rCorr    .         Harm     .   (no gloves)
MR       +....                  (no boots)
Stlth    ..........             (no amulet)
HPRegen  0.00/turn              (no ring)
MPRegen  0.07/turn              (no ring)

@: starving, non-regenerating
A: damage resistance, heal wounds, sense surroundings 1, no regeneration
a: Heal Wounds


You were on level 5 of the Dungeon.
You were starving.

You visited 1 branch of the dungeon, and saw 5 of its levels.

You collected 222 gold pieces.

Inventory:

Hand Weapons
 a - a +0 war axe (weapon)
Armour
 b - a +0 scale mail (worn)
 c - a +0 kite shield (worn)
Jewellery
 l - a +2 ring of evasion {unknown}
   (You found it on level 4 of the Dungeon)
Wands
 v - a wand of digging (6)
   (You found it on level 5 of the Dungeon)
Scrolls
 h - 2 scrolls of identify {unknown}
 k - 2 scrolls of teleportation {unknown}
 m - 2 scrolls of magic mapping {unknown}
 n - a scroll of amnesia {unknown}
 o - 2 scrolls of remove curse {unknown}
 p - a scroll of summoning {unknown}
 q - a scroll of random uselessness {unknown}
Potions
 d - a potion of might
 f - a potion of resistance {unknown}
 i - 3 potions of heal wounds {unknown}
 j - 2 potions of cancellation {unknown}
 r - a potion of ambrosia {unknown}
Comestibles
 e - 4 rations


   Skills:
 + Level 4.8 Fighting
 * Level 7.0 Axes
 + Level 5.7 Armour
 + Level 5.8 Shields


You had 7 spell levels left.
You didn't know any spells.
Your spell library was empty.

Dungeon Overview and Level Annotations

Branches:
Dungeon (5/15)
 Temple: D:4-7

Altars:
Kikubaaqudgha

Shops:
D:5 =(


Innate Abilities, Weirdness & Mutations

You are resistant to damage.
You can heal yourself by infusing magical energy.
You passively map a small area around you.
You do not regenerate.


Message History

* * * LOW HITPOINT WARNING * * *
Something completely misses you.
There is an open door, spattered with blood here.
You see here 23 gold pieces.
You hit something. Something completely misses you.
You miss something. Something hits you but does no damage. Something hits you.
* * * LOW HITPOINT WARNING * * *
There is an open door, spattered with blood here.
You swing at nothing.
Something hits you but does no damage.
You swing at nothing.
Something hits you but does no damage.
You swing at nothing.
Something hits you but does no damage.
You miss something. You block something's attack. Something hits you.
You barely miss something. Something hits you but does no damage.
Something hits you.
* * * LOW HITPOINT WARNING * * *
You completely miss something. Something hits you.
* * * LOW HITPOINT WARNING * * *
You hit something but do no damage. Something hits you.
You die...

###...### #.#.
###...# #.#<
##..# #.## #..#
#.#. ##.# #.#.
#.## #>#. #..#
#.#. ########..#*
* **#...
#?.$@..#..#, '
,#.∩.
#(=[#..#..#,
*,8,####
#(.!#..#..# *
#####..#..# , *
#......#..# ,,
#......#..# , *
#..#####..#####..
#......#..#c.....
#...)..#..#......


There were no monsters in sight!

Vanquished Creatures
  A hungry ghost (D:5)
  2 ice beasts (D:5)
  A phantom (D:4)
  2 ogres (D:5)
  A centaur (D:5)
  A scorpion (D:5)
  2 crimson imps (D:5)
  5 orc wizards
  A hound (D:5)
  4 worker ants
  4 gnolls (D:5)
  6 adders
  An ooze (D:2)
  2 adder skeletons (D:4)
  2 worms (D:4)
  2 dart slugs (D:2)
  14 orcs
  5 giant cockroaches
  A hobgoblin (D:2)
  2 jackals (D:5)
  A quokka (D:5)
  A bat (D:2)
  6 frilled lizards
  A kobold (D:2)
  A rat (D:2)
69 creatures vanquished.

Notes
Turn   | Place    | Note
-------+----------+-------------------------------------------
     0 | D:1      | Flugslaktarn the Deep Dwarf Fighter began the quest for the
                  | Orb.
     0 | D:1      | Reached XP level 1. HP: 20/20 MP: 1/1
   125 | D:2      | Reached XP level 2. HP: 27/27 MP: 2/2
   187 | D:2      | Reached skill level 3 in Axes
   187 | D:2      | Reached XP level 3. HP: 28/33 MP: 3/3
   389 | D:4      | Reached XP level 4. HP: 35/42 MP: 3/3
   691 | D:4      | Reached skill level 4 in Axes
   691 | D:4      | Reached XP level 5. HP: 24/49 MP: 4/4
   781 | D:4      | Noticed a phantom
   811 | D:4      | Killed a phantom
   851 | D:4      | Reached XP level 6. HP: 37/57 MP: 5/5
  1007 | D:5      | Entered Level 5 of the Dungeon
  1100 | D:5      | Reached skill level 5 in Axes
  1150 | D:5      | Found Houxadd's Weapon Boutique.
  1199 | D:5      | Reached XP level 7. HP: 53/64 MP: 5/5
  1210 | D:5      | Found an ancient bone altar of Kikubaaqudgha.
  1295 | D:5      | Found Wanyeff's Jewellery Shop.
  1369 | D:5      | Reached skill level 5 in Shields
  1374 | D:5      | Reached skill level 5 in Armour
  1449 | D:5      | Noticed a hungry ghost
  1465 | D:5      | Killed a hungry ghost
  1465 | D:5      | Reached skill level 6 in Axes
  1567 | D:5      | Reached XP level 8. HP: 54/73 MP: 6/6
  1589 | D:5      | Reached skill level 7 in Axes
  1944 | D:5      | HP: 3/73 [something (4)]
  1945 | D:5      | Slain by an unseen horror

Levels and vault maps discovered:
D:1:      minmay_arrival_four_loops, layout_basic, grunt_decor_one_mirror
D:2:      layout_loops_ring, grunt_dithmenos_smoke_and_mirrors, uniq_robin,
          uniq_terence
D:3:      layout_loops_ring, nemelex_xobeh_ov_fountains_minmay,
          old_standard_altar, uniq_natasha
D:4:      layout_basic
D:5:      kennysheep_windowed_halls, layout_basic, kiku_gazebo_pond_becter,
          serial_shops, shop, shop, first_ration, serial_curves, eino_curves_01,
          eino_curves_01, eino_curves_03, eino_curves_01

Skill      XL: |  1  2  3  4  5  6  7  8 |
---------------+-------------------------+-----
Axes           | 3 4 5 6 7 |  7.0
Fighting       | 3 4 |  4.8
Armour         | 4 5 |  5.7
Shields        | 4 5 |  5.8

Action                   |  1- 3 |  4- 6 |  7- 9 || total
-------------------------+-------+-------+-------++-------
Melee: War axe           |    44 |   156 |   135 ||   335
 Abil: Heal Wounds       |     1 |     5 |    24 ||    30
  Eat: Chunk             |       |     1 |     4 ||     5
       Ration            |       |       |     1 ||     1
Armor: Scale mail        |    14 |    63 |   132 ||   209
Dodge: Dodged            |    16 |    40 |    35 ||    91
Block: Kite shield       |    19 |    86 |   124 ||   229

Table legend:
 A = Non-vault XP
 B = Vault XP
 C = Vault XP percentage of total XP
 D = Non-vault monster count
 E = Vault monster count
 F = Vault count percentage of total count
                 A         B        C        D         E       F
            +---------+---------+-------+---------+---------+-------
      Total |    1349 |     331 |  19.7 |      61 |       8 |  11.6
            +---------+---------+-------+---------+---------+-------
        D:2 |      75 |       0 |   0.0 |      13 |       0 |   0.0
        D:4 |     390 |       0 |   0.0 |      22 |       0 |   0.0
        D:5 |     884 |     331 |  27.2 |      26 |       8 |  23.5
            +---------+---------+-------+---------+---------+-------
